Map: 포트 알렉산더 - 래더

Players

TSGSolar (Solar) - Winner!

  • Race: Zerg Zerg
  • League: Master
  • Spawn Location: 5:00

Stats

  • Race: Protoss Protoss
  • League: Grandmaster
  • Spawn Location: 11:00

Event: IEM Season 13 - Katowice Server Qualifiers Asia 2

VOD

Have the link to the VOD?

Description

Time

  • Played on: Jan. 22, 2019, 5:13 a.m.
  • Length: 5:27

All games in this series

Show
View Real Time Build Order
Export as new Build Order

TSGSolar Zerg - Winner!

Build Orders: Hatch First, Zergling Baneling 

Get SALT Encoding   

  12  0:01  Drone  
  13  0:12  Overlord  
  13  0:18  Drone  
  14  0:32  Drone x2  
  16  0:49  Hatchery  
  15  0:52  Drone  
  17  0:57  Drone  
  17  1:00  Drone  
  18  1:11  Extractor  
  18  1:16  Spawning Pool  
  17  1:18  Drone  
  17  1:22  Drone  
  18  1:28  Drone  
  19  1:40  Drone  
  20  1:54  Hatchery  
  20  1:57  Drone  
  20  2:04  Queen  
  22  2:09  Drone  
  23  2:16  Metabolic Boost  
  23  2:19  Drone  
  24  2:24  Drone  
  24  2:29  Overlord  
  25  2:37  Zergling x2  
  25  2:39  Queen  
  28  2:48  Zergling x4  
  28  2:50  Drone  
  31  2:58  Baneling Nest, Zergling x4  
  31  3:02  Zergling x2  
  32  3:06  Zergling x2  
  32  3:12  Zergling x6  
  36  3:15  Overlord  
  36  3:21  Zergling x4  
  36  3:25  Zergling x2  
  39  3:28  Zergling x2  
  39  3:33  Zergling x2  
  41  3:39  Zergling x4  
  43  3:41  Baneling x5  
  43  3:44  Baneling  
  43  3:45  Zergling x2  
  45  3:48  Zergling x2  
  45  3:50  Zergling x2  
  45  3:54  Zergling x2  
  47  3:57  Zergling x2  
  47  4:00  Overlord  
  48  4:05  Zergling x2  
  48  4:08  Zergling x2  
  50  4:14  Zergling x2  
  50  4:17  Zergling x2  
  50  4:18  Zergling x2  
  50  4:20  Zergling x2  
  50  4:22  Zergling x2  
  50  4:23  Zergling x2, Baneling  
  50  4:24  Baneling  
  53  4:27  Zergling x2  
  53  4:30  Zergling x2  
  54  4:32  Zergling x2  
  54  4:34  Zergling x2  
  54  4:37  Zergling x2  
  56  4:39  Zergling x2  
  56  4:42  Zergling x2  
  56  4:47  Zergling x2  
  56  4:49  Zergling x2  
  56  4:50  Zergling x2  
  56  4:51  Baneling  
  56  4:54  Zergling x2  
  56  4:56  Zergling x2  
  56  4:58  Baneling  
  54  5:02  Zergling x4  
  52  5:07  Zergling x2  
  52  5:12  Baneling  
  52  5:13  Baneling  
Show
View Real Time Build Order
Export as new Build Order

Stats Protoss 

Build Orders: 1 Gate Expand, Zealot Archon, Dark Templar Rush 

Get SALT Encoding   

  12  0:00  Probe  
  13  0:12  Probe  
  14  0:19  Pylon  
  14  0:25  Probe  
  15  0:33  Probe  
  15  0:42  Probe  
  16  0:44  Gateway  
  16  0:47  Assimilator  
  17  0:52  Probe  
  18  1:04  Probe  
  19  1:16  Probe  
  20  1:26  Nexus  
  20  1:34  Cybernetics Core  
  20  1:37  Probe  
  21  1:44  Assimilator  
  21  1:49  Probe  
  21  1:54  Pylon  
  22  2:01  Probe  
  22  2:03  Adept  
  23  2:13  Probe  
  26  2:21  Warp Gate  
  26  2:26  Probe, Twilight Council  
  27  2:31  Stalker  
  27  2:34  Probe x2  
  29  2:42  Probe x2  
  33  2:52  Probe  
  33  2:53  Probe  
  35  3:05  Robotics Facility  
  35  3:06  Probe x2  
  37  3:14  Dark Shrine  
  37  3:18  Probe x2  
  39  3:24  Gateway  
  39  3:28  Assimilator  
  39  3:30  Probe  
  39  3:31  Probe  
  41  3:38  Gateway  
  41  3:42  Gateway  
  41  3:45  Probe  
  41  3:46  Probe  
  43  3:50  Pylon  
  43  3:52  Assimilator  
  43  4:01  Probe  
  46  4:04  Immortal  
  46  4:08  Probe, Pylon  
  47  4:12  Gateway  
  49  4:23  Sentry  
  49  4:24  Sentry  
  51  4:25  Pylon  
  51  4:32  Gateway  
  51  4:38  Zealot  
  51  4:39  Zealot  
  51  4:44  Cybernetics Core  
  55  4:47  Pylon  
  54  4:56  Dark Templar  
  46  5:00  Dark Templar  
  46  5:01  Dark Templar  
  39  5:11  Archon  

Tags
 
Add a new tag
Caveats
  • Supply blocks, unpowered buildings, or Contaminate may cause inaccurate times.
  • Supply counts are checked every 10 seconds.